 Dungeon Crawl Stone Soup version 0.29.1-14-g9c671dbff4 (webtiles) character file.

Game seed: 1460563489934620724

48 leafyfresh the Covert (level 3, 0/35 HPs)
             Began as a Gnoll Delver on Feb 13, 2023.
             Slain by an orc
             ... wielding a +0 war axe
              (6 damage)
             ... on level 3 of the Dungeon.
             The game lasted 00:00:50 (807 turns).

leafyfresh the Covert (Gnoll Delver)                 Turns: 807, Time: 00:00:50

Health: 0/35       AC:  3    Str: 11    XL:     3   Next: 72%
Magic:  4/4        EV: 13    Int:  9    God:
Gold:   24         SH:  0    Dex: 15    Spells: 4/4 levels left

rFire   . . .      SeeInvis .   a - +0 spear
rCold   . . .      Faith    .   (no shield)
rNeg    . . .      Spirit   .   b - +0 leather armour
rPois   .          Reflect  .   (no helmet)
rElec   .          Harm     .   (no cloak)
rCorr   .          Rampage  .   (no gloves)
Will    .....                   (no boots)
Stlth   ++++......              (no amulet)
HPRegen 0.11/turn               (no ring)
MPRegen 0.09/turn               (no ring)

@: no status effects
A: fangs 1, strong nose, distributed training
a: no special abilities


You were on level 3 of the Dungeon.
You visited 1 branch of the dungeon, and saw 3 of its levels.

You collected 24 gold pieces.

Inventory:

Hand Weapons
 a - a +0 spear (weapon)
Armour
 b - a +0 leather armour (worn)
Wands
 g - a wand of digging (3)
Scrolls
 c - a scroll of fog
 d - a scroll of magic mapping
 e - a scroll of fear
 h - a scroll of immolation {unknown}
 i - a scroll of noise {unknown}
Potions
 f - a potion of haste


   Skills:
 + Level 6.5 Fighting
 + Level 1.0 Short Blades
 + Level 1.0 Long Blades
 + Level 1.0 Axes
 + Level 1.0 Maces & Flails
 + Level 4.6 Polearms
 + Level 1.0 Staves
 + Level 1.0 Ranged Weapons
 + Level 1.0 Throwing
 + Level 1.0 Armour
 + Level 4.6 Dodging
 + Level 9.6 Stealth
 + Level 1.0 Shields
 + Level 1.0 Unarmed Combat
 + Level 1.0 Spellcasting
 + Level 0.7 Conjurations
 + Level 0.7 Hexes
 + Level 0.7 Summonings
 + Level 0.7 Necromancy
 + Level 0.7 Translocations
 + Level 0.7 Transmutations
 + Level 0.7 Fire Magic
 + Level 0.7 Ice Magic
 + Level 0.7 Air Magic
 + Level 0.7 Earth Magic
 + Level 0.7 Poison Magic
 + Level 1.0 Invocations
 + Level 1.0 Evocations


You had 4 spell levels left.
You didn't know any spells.
Your spell library was empty.

Dungeon Overview and Level Annotations

Branches:
Dungeon (5/15)
 Temple: D:4-7

Altars:

Shops:
D:5 *


Innate Abilities, Weirdness & Mutations

You have very sharp teeth.
Your uncanny sense of smell can sniff out nearby items.
Your experience applies equally to all skills.


Message History

You hit the orc.
The orc is severely wounded.
The orc barely misses you.
You hit the orc. Your punch misses the orc.
The orc is almost dead.
The orc hits you with a +0 hand axe.
You hit the orc but do no damage.
The orc is almost dead.
The orc hits you with a +0 hand axe.
You hit the orc.
You kill the orc!
Your Short Blades skill increases to level 1!
Your Long Blades skill increases to level 1!
Your Axes skill increases to level 1!
Your Maces & Flails skill increases to level 1!
Your Staves skill increases to level 1!
Your Ranged Weapons skill increases to level 1!
Your Throwing skill increases to level 1!
Your Armour skill increases to level 1!
Your Shields skill increases to level 1!
Your Unarmed Combat skill increases to level 1!
Your Spellcasting skill increases to level 1!
Your Evocations skill increases to level 1!
You hit the orc.
The orc is heavily wounded.
The orc barely misses you.
You hit the orc.
You kill the orc!
The orc hits you but does no damage. The orc hits you with a +0 war axe.
* * * LOW HITPOINT WARNING * * *
Items here: ( )) [[ †.
You hit the orc.
The orc is lightly wounded.
The orc barely misses you. The orc completely misses you.
You hit the orc but do no damage. You bite the orc, but do no damage.
The orc is lightly wounded.
The orc hits you with a +0 flail.
* * * LOW HITPOINT WARNING * * *
The orc hits you with a +0 war axe.
You die...

#.# #.# #$# ##.## #
#####...####.##.
####...............
#....###.o.##......
#..##.####o......... #+
##...@o..#.....#
#.#####.#.....#
#....##.#.#####
#.##.##.#.# ####.##.#.#
###.##.#.#
#......#.########.
########......#..>.......
.................########


You could see 3 orcs.

Vanquished Creatures
  A hound (D:4)
  An ufetubus (D:4)
  3 orcs
  An endoplasm (D:4)
  A giant cockroach (D:3)
  A hobgoblin (D:4)
  A quokka (D:4)
  A bat (D:3)
10 creatures vanquished.

Notes
Turn   | Place    | Note
-------+----------+-------------------------------------------
     0 | D:5      | Reached skill level 9 in Stealth
     0 | D:5      | leafyfresh the Gnoll Delver began the quest for the Orb.
     0 | D:5      | Reached XP level 1. HP: 23/23 MP: 1/1
     2 | D:5      | Noticed an orc wizard
    18 | D:5      | Found Xabottuo's Assorted Antiques.
    33 | D:4      | HP: 1/23 [orc/+0 hand axe (6)]
    36 | D:4      | Reached XP level 2. HP: 1/29 MP: 2/2
   552 | D:4      | Reached skill level 1 in Invocations
   552 | D:4      | Reached XP level 3. HP: 20/35 MP: 2/4
   803 | D:3      | Reached skill level 1 in Short Blades
   803 | D:3      | Reached skill level 1 in Long Blades
   803 | D:3      | Reached skill level 1 in Axes
   803 | D:3      | Reached skill level 1 in Maces & Flails
   803 | D:3      | Reached skill level 1 in Staves
   803 | D:3      | Reached skill level 1 in Ranged Weapons
   803 | D:3      | Reached skill level 1 in Throwing
   803 | D:3      | Reached skill level 1 in Armour
   803 | D:3      | Reached skill level 1 in Shields
   803 | D:3      | Reached skill level 1 in Unarmed Combat
   803 | D:3      | Reached skill level 1 in Spellcasting
   803 | D:3      | Reached skill level 1 in Evocations
   807 | D:3      | Slain by an orc

Illustrated notes

Levels and vault maps discovered:
D:3:      layout_loops_ring, serial_shops, shop_fountains,
          kennysheep_generic_room_15
D:4:      layout_loops_ring, minitemple, serial_shops, nicolae_shop_statue_plus,
          minmay_misc_feat_roman, minmay_shop_damaged
D:5:      layout_cave_pools, serial_shops, shop

Skill      XL: |  1  2  3 |
---------------+----------+-----
Stealth        | |  9.6
Invocations    | 1 |  1.0
Short Blades   | 1 |  1.0
Long Blades    | 1 |  1.0
Axes           | 1 |  1.0
Maces & Flails | 1 |  1.0
Staves         | 1 |  1.0
Ranged Weapons | 1 |  1.0
Throwing       | 1 |  1.0
Armour         | 1 |  1.0
Shields        | 1 |  1.0
Unarmed Combat | 1 |  1.0
Spellcasting   | 1 |  1.0
Evocations     | 1 |  1.0
Fighting       | |  6.5
Polearms       | |  4.6
Dodging        | |  4.6
Conjurations   | |  0.7
Hexes          | |  0.7
Summonings     | |  0.7
Necromancy     | |  0.7
Translocations | |  0.7
Transmutations | |  0.7
Fire Magic     | |  0.7
Ice Magic      | |  0.7
Air Magic      | |  0.7
Earth Magic    | |  0.7
Poison Magic   | |  0.7

Action                   || total
-------------------------++-------
Melee: Spear             ||    60
       Bite              ||    10
 Stab: Sleeping          ||     6
Armor: Leather armour    ||     6
Dodge: Dodged            ||    38
